 Dungeon Crawl Stone Soup version 0.29.1-1-gd02db6906a (webtiles) character file.

Game seed: 2141730649691268060

49 jimonade the Sneak (level 4, -5/26 HPs)
             Began as a Kobold Brigand on Sept 18, 2022.
             Slain by Grinder (7 damage)
             ... on level 3 of the Dungeon.
             The game lasted 00:03:07 (1984 turns).

jimonade the Sneak (Kobold Brigand)                 Turns: 1984, Time: 00:03:07

Health: -5/26      AC:  3    Str:  8    XL:     4   Next: 2%
Magic:  4/4        EV: 14    Int: 12    God:
Gold:   125        SH:  0    Dex: 18    Spells: 3/3 levels left

rFire   . . .      SeeInvis .   b - +2 dagger (drain)
rCold   . . .      Faith    .   (no shield)
rNeg    . . .      Spirit   .   i - +0 robe
rPois   .          Reflect  .   (no helmet)
rElec   .          Harm     .   c - +0 cloak
rCorr   .          Rampage  .   (no gloves)
Will    .....                   (no boots)
Stlth   ++++......              (no amulet)
HPRegen 0.08/turn               (no ring)
MPRegen 0.09/turn               (no ring)

@: no status effects
A: small, no large weapons, nightstalker 3
a: no special abilities


You were on level 3 of the Dungeon.
You visited 1 branch of the dungeon, and saw 3 of its levels.

You collected 125 gold pieces.

Inventory:

Hand Weapons
 a - a +0 dagger of venom
 b - a +2 dagger of draining (weapon)
 m - a +2 dagger
Missiles
 d - 9 poisoned darts (quivered)
 e - 7 curare-tipped darts
Armour
 c - a +0 cloak (worn)
 i - a +0 robe (worn)
 n - a +0 chain mail of poison resistance
Scrolls
 g - a scroll of enchant weapon {unknown}
 j - a scroll of teleportation {unknown}
Potions
 f - a potion of might {unknown}
 h - 2 potions of haste {unknown}
 k - a potion of heal wounds {unknown}
 l - a potion of curing {unknown}
 o - a potion of lignification {unknown}


   Skills:
 - Level 2.1 Fighting
 + Level 5.3 Short Blades
 - Level 2.1 Throwing
 - Level 1.2 Dodging
 - Level 5.3 Stealth


You had 3 spell levels left.
You didn't know any spells.
Your spell library contained the following spells:

 Spells                   Type           Power      Damage    Failure   Level
 Scorch                   Fire           0%         2d5       45%         2
 Storm Form               Tmut/Air       0%         N/A       100%        7
 Fire Storm               Conj/Fire      0%         5d1       100%        9


Dungeon Overview and Level Annotations

Branches:
Dungeon (3/15)

Altars:
The Shining One

Annotations:
D:3 Grinder


Innate Abilities, Weirdness & Mutations

You are small and have problems with some larger weapons.
You are completely attuned to the shadows.


Message History

You hit Grinder.
Grinder is lightly wounded.
Grinder gestures at you.
You shrug off the repeated paralysis!
You hit Grinder but do no damage.
Grinder is lightly wounded.
You hit Grinder.
Grinder is lightly wounded.
Grinder says, "FISH!"
Grinder gestures at you. Pain shoots through your body!
You barely miss Grinder.
Grinder is lightly wounded.
Grinder gestures at you. Pain shoots through your body!
You hit Grinder.
Grinder is moderately wounded.
Grinder gestures at you. Pain shoots through your body!
You hit Grinder.
Grinder is moderately wounded.
You hit Grinder.
Grinder is heavily wounded.
Grinder closely misses you.
You hit Grinder.
Grinder is heavily wounded.
Grinder hits you.
* * * LOW HITPOINT WARNING * * *
You hit Grinder but do no damage.
Grinder is heavily wounded.
You closely miss Grinder.
Grinder is heavily wounded.
Grinder hits you.
* * * LOW HITPOINT WARNING * * *
You writhe in agony.
* * * LOW HITPOINT WARNING * * *
You hit Grinder.
Grinder is heavily wounded.
Grinder hits you!
You die...

.... ....
....## .....#
. #.##......
##...#....#
#.@5###..#
#.####..## #.
#..##....###..
##....#...#...
###.###.....#
### ##._.##
####.....#
#.#...#...#.#
#....###.....
.


You could see Grinder.

Vanquished Creatures
  An adder (D:3)
  A dart slug (D:2)
  6 ball pythons
  4 bats
  4 endoplasms
  A giant cockroach (D:1)
  5 goblins
  2 hobgoblins (D:1)
  2 jackals (D:1)
  3 quokkas (D:1)
  3 frilled lizards
  2 rats (D:1)
34 creatures vanquished.

Notes
Turn   | Place    | Note
-------+----------+-------------------------------------------
     0 | D:1      | jimonade the Kobold Brigand began the quest for the Orb.
     0 | D:1      | Reached XP level 1. HP: 12/12 MP: 1/1
   106 | D:1      | Reached XP level 2. HP: 14/17 MP: 2/2
   425 | D:1      | Got the Handbook of Igneous Transmutation
   709 | D:1      | Reached XP level 3. HP: 21/21 MP: 3/3
  1353 | D:2      | Found a glowing golden altar of the Shining One.
  1791 | D:3      | Reached skill level 5 in Short Blades
  1918 | D:3      | Reached XP level 4. HP: 26/26 MP: 4/4
  1932 | D:3      | Found a faded altar of an unknown god.
  1953 | D:3      | Noticed Grinder
  1967 | D:3      | Paralysed by Grinder for 5 turns
  1983 | D:3      | HP: 1/26 [Grinder (4)]
  1984 | D:3      | Slain by Grinder

Illustrated notes

Levels and vault maps discovered:
D:1:      minmay_arrival_four_houses, layout_basic, st_stairs_1,
          chequers_serial_rivers_room_a, chequers_serial_rivers_small_a,
          amcnicky_mini_corridor_feature
D:2:      layout_basic, basic_altar
D:3:      layout_rooms, nicolae_ecumenical_snake_handling, uniq_grinder,
          uniq_robin, uniq_natasha

Skill      XL: |  1  2  3 |
---------------+----------+-----
Short Blades   | 3 4 5 |  5.3
Fighting       | |  2.1
Throwing       | |  2.1
Dodging        | |  1.2
Stealth        | |  5.3

Action                   |  1- 3 |  4- 6 || total
-------------------------+-------+-------++-------
Melee: Dagger            |    94 |    15 ||   109
 Stab: Sleeping          |    15 |       ||    15
       Distracted        |       |     1 ||     1
Armor: Robe              |    15 |     3 ||    18
Dodge: Dodged            |    58 |     3 ||    61
